 Dungeon Crawl Stone Soup version 0.28.0-43-g3370ac3207 (webtiles) character file.

Game seed: 15901467765241419382

122 choreboyy the Skirmisher (level 4, -2/37 HPs)
             Began as a Demonspawn Abyssal Knight on Mar 12, 2022.
             Was a Believer of Lugonu.
             Killed by divine providence
             ... invoked by an orc priest
              (10 damage)
             ... on level 3 of the Dungeon.
             The game lasted 00:09:29 (3101 turns).

choreboyy the Skirmisher (DsAK)                     Turns: 3101, Time: 00:09:29

Health: -2/37      AC:  9    Str: 16    XL:     4   Next: 78%
Magic:  5/5        EV:  7    Int: 11    God:    Lugonu [**....]
Gold:   79         SH:  0    Dex: 13    Spells: 3/3 levels left

rFire   . . .      SeeInvis .   a - +1 spear
rCold   . . .      Faith    .   (no shield)
rNeg    + . .      Spirit   .   b - +0 chain mail
rPois   .          Reflect  .   (no helmet)
rElec   .          Harm     .   (no cloak)
rCorr   .          Rampage  .   (no gloves)
Will    +....                   (no boots)
Stlth   ..........              i - amulet of the acrobat
HPRegen 0.12/turn               c - ring of positive energy
MPRegen 0.09/turn               l - ring of willpower

@: no status effects
A: hooves 1, ignite blood 2
a: Renounce Religion, Depart the Abyss, Bend Space


You were on level 3 of the Dungeon.
You worshipped Lugonu.
Lugonu was pleased with you.
You visited 1 branch of the dungeon, and saw 3 of its levels.
You visited the Abyss 1 time.

You collected 79 gold pieces.

Inventory:

Hand Weapons
 a - a +1 spear (weapon)
Armour
 b - a +0 chain mail (worn)
Jewellery
 c - a ring of positive energy (left hand)
 i - an amulet of the acrobat (around neck)
 l - a ring of willpower (right hand)
Scrolls
 d - a scroll of magic mapping {unknown}
 e - a scroll of fog {unknown}
 f - 2 scrolls of identify {unknown}
 h - a scroll of amnesia {unknown}
 j - a scroll of blinking {unknown}
 n - a scroll of teleportation {unknown}
Potions
 g - a potion of might {unknown}
 k - a potion of curing
 m - a potion of brilliance {unknown}


   Skills:
 + Level 4.2 Fighting
 - Level 2.4 Polearms
 + Level 3.1 Armour
 - Level 1.0 Dodging
 - Level 2.5 Invocations


You had 3 spell levels left.
You didn't know any spells.
Your spell library was empty.

Dungeon Overview and Level Annotations

Branches:
Dungeon (3/15)

Altars:


Innate Abilities, Weirdness & Mutations

You have large cloven feet.
Your demonic aura often causes spilled blood to erupt in flames.


Message History

You kill the orc wizard!
Lugonu accepts your kill.
The orc priest invokes the aid of Beogh against you.
Beogh smites you!
* * * LOW HITPOINT WARNING * * *
Your Armour skill increases to level 3!
It was a potion of curing.
You feel better.
You hit the orc but do no damage. Your kick misses the orc.
The orc closely misses you.
You hit the orc but do no damage. The orc hits you but does no damage.
You hit the orc but do no damage. Your kick misses the orc.
The orc priest invokes the aid of Beogh against you.
Beogh smites you!
* * * LOW HITPOINT WARNING * * *
The orc hits you with a +0 club.
* * * LOW HITPOINT WARNING * * *
You feel better. The orc hits you but does no damage.
You hit the orc.
The orc is heavily wounded.
The orc barely misses you.
You hit the orc but do no damage.
The orc is heavily wounded.
The orc priest calls upon Beogh to heal the orc.
The orc's wounds heal themselves!
The orc closely misses you.
You barely miss the orc. The orc hits you but does no damage.
You hit the orc.
The orc is heavily wounded.
The orc hits you but does no damage.
You hit the orc but do no damage. You kick the orc, but do no damage.
The orc is heavily wounded.
The orc hits you with a +0 club.
An orc is nearby!
The orc priest invokes the aid of Beogh against you.
Beogh smites you!
* * * LOW HITPOINT WARNING * * *
Unknown command.
You feel better.
The orc priest invokes the aid of Beogh against you.
Beogh smites you!
You die...

###...g..o.......#
#....o##########.#
#.....#........#.#
#.....#.# #.....#
#..o..#.# #...###
#.....#.####..)#####
#.....#.............
###.#..........#####
#@#...............
#.#.######.#######
#.#.#..#..........
#.#.#..#.#.#######
#.#.#..#...#....##
#.#.#..#..........
#.#.#..<...#......
#.#.#..#.#......##
#.#..........#####


You could see an orc priest and an orc.

Vanquished Creatures
  A centaur skeleton (D:3)
  An orc wizard (D:3)
  2 worms (D:2)
  6 dart slugs
  6 orcs (D:3)
  2 bats
  4 endoplasms
  2 giant cockroaches (D:2)
  A goblin (D:2)
  5 hobgoblins
  4 jackals (D:3)
  A kobold (D:3)
  3 ball pythons
  4 rats
42 creatures vanquished.

Notes
Turn   | Place    | Note
-------+----------+-------------------------------------------
     0 | Abyss:1  | choreboyy the Demonspawn Abyssal Knight began the quest for
                  | the Orb.
     0 | Abyss:1  | Reached XP level 1. HP: 18/18 MP: 2/2
     0 | Abyss:1  | Noticed a large slime creature
     1 | Abyss:1  | Noticed a starcursed mass
     1 | Abyss:1  | Noticed a very large slime creature
     1 | Abyss:1  | Noticed a large slime creature
     2 | D:1      | Escaped the Abyss
   315 | D:1      | Reached skill level 1 in Dodging
   372 | D:1      | Reached * piety under Lugonu
   646 | D:2      | Gained mutation: Your demonic aura sometimes causes spilled
                  | blood to erupt in flames. [demonic ancestry]
   646 | D:2      | Reached XP level 2. HP: 24/24 MP: 3/3
  1629 | D:2      | Gained mutation: Your demonic aura often causes spilled
                  | blood to erupt in flames. [demonic ancestry]
  1629 | D:2      | Reached XP level 3. HP: 29/29 MP: 4/4
  2430 | D:3      | Gained mutation: You have large cloven feet. [demonic
                  | ancestry]
  2430 | D:3      | Reached XP level 4. HP: 28/37 MP: 5/5
  2753 | D:3      | Reached skill level 4 in Fighting
  2774 | D:3      | Reached ** piety under Lugonu
  3101 | D:3      | Killed from afar by an orc priest

Illustrated notes

Levels and vault maps discovered:
D:1:      dpeg_arrival_radiant, layout_basic
D:2:      layout_loops_corners
D:3:      layout_basic, portal_sewer_entry_f, chequers_mini_garden,
          dk_vineyard_3, minivault_27, uniq_natasha

Skill      XL: |  1  2  3  4 |
---------------+-------------+-----
Dodging        | 1 |  1.0
Polearms       | 2 |  2.4
Armour         | 2 3 |  3.1
Fighting       | 4 |  4.2
Invocations    | |  2.5

Action                   |  1- 3 |  4- 6 || total
-------------------------+-------+-------++-------
Melee: Spear             |   119 |    47 ||   166
       Punch             |     1 |     1 ||     2
       Kick              |       |    12 ||    12
Invok: Depart the Abyss  |     1 |       ||     1
  Use: Potion            |       |     3 ||     3
Armor: Leather armour    |    24 |       ||    24
       Chain mail        |       |    16 ||    16
Dodge: Dodged            |    61 |    25 ||    86
